| TOP OF THE 1ST |
|
Hamilton Cardinals batting - Pitching for Windy City ThunderBolts : RHP Alfie Bungledorf
|
|
Pitching: RHP Alfie Bungledorf
|
|
|
Batting: RHB Nick Latulippe
|
0-0: Ball 1-0: Called Strike 1-1: Called Strike 1-2: Foul Ball, location: 2F 1-2: Ball 2-2: Fly out, F9 (Flyball, 9, EV 92.5 MPH)
|
|
Batting: LHB Jorge Zarazua
|
0-0: Foul Ball, location: 2F 0-1: Ball 1-1: Ball 2-1: Ball 3-1: Foul Ball, location: 2F 3-2: Foul Ball, location: 2F 3-2: Ground out U3 (Groundball, 34S, EV 89.4 MPH)
|
|
Batting: RHB Tyler Walker
|
0-0: Ball 1-0: Called Strike 1-1: SINGLE (Line Drive, 7LS, EV 95.0 MPH)
|
|
Batting: LHB Travis Ruppel
|
0-0: Ball 1-0: Foul Ball, location: 2F 1-1: Fly out, F8 (Flyball, 78D, EV 91.2 MPH)
|
| Top of the 1st over - 0 runs, 1 hit, 0 errors, 1 left on base; Hamilton 0 - Windy City 0 |
| BOTTOM OF THE 1ST |
|
Windy City ThunderBolts batting - Pitching for Hamilton Cardinals : RHP Gareth Haigh
|
|
Pitching: RHP Gareth Haigh
|
|
|
Batting: LHB Adam Tarbutton
|
0-0: Called Strike 0-1: Ball 1-1: Foul Ball, location: 2F 1-2: Strikes out swinging
|
|
Batting: LHB Matt Hyde
|
0-0: Called Strike 0-1: Ball 1-1: Called Strike 1-2: Foul Ball, location: 2F 1-2: Ball 2-2: Strikes out looking
|
|
Batting: LHB Justin Stickney
|
0-0: DOUBLE (Line Drive, 9LS, EV 109.4 MPH)
|
|
Batting: LHB Herkko Haavikko
|
0-0: Called Strike 0-1: Called Strike 0-2: Ball 1-2: Strikes out looking
|
| Bottom of the 1st over - 0 runs, 1 hit, 0 errors, 1 left on base; Hamilton 0 - Windy City 0 |
| TOP OF THE 2ND |
|
Hamilton Cardinals batting - Pitching for Windy City ThunderBolts : RHP Alfie Bungledorf
|
|
Batting: RHB Richard Riggs
|
0-0: Foul Ball, location: 2F 0-1: Ball 1-1: Called Strike 1-2: Foul Ball, location: 2F 1-2: Ball 2-2: Strikes out swinging
|
|
Batting: LHB Ivan Cortez
|
0-0: Called Strike 0-1: Called Strike 0-2: Foul Ball, location: 2F 0-2: Ball 1-2: Ball 2-2: Strikes out looking
|
|
Batting: RHB Kyle Burns
|
0-0: Swinging Strike 0-1: Ball 1-1: Ball 2-1: Foul Ball, location: 2F 2-2: Strikes out swinging
|
| Top of the 2nd over - 0 runs, 0 hits, 0 errors, 0 left on base; Hamilton 0 - Windy City 0 |
| BOTTOM OF THE 2ND |
|
Windy City ThunderBolts batting - Pitching for Hamilton Cardinals : RHP Gareth Haigh
|
|
Batting: RHB Mike Rosa
|
0-0: Called Strike 0-1: Called Strike 0-2: Ball 1-2: Strikes out swinging
|
|
Batting: RHB Adan Lake
|
0-0: Ball 1-0: Ball 2-0: Fly out, F9 (Line Drive, 9, EV 86.2 MPH)
|
|
Batting: RHB Josiah Wright
|
0-0: Called Strike 0-1: Swinging Strike 0-2: Ball 1-2: Strikes out swinging
|
| Bottom of the 2nd over - 0 runs, 0 hits, 0 errors, 0 left on base; Hamilton 0 - Windy City 0 |
| TOP OF THE 3RD |
|
Hamilton Cardinals batting - Pitching for Windy City ThunderBolts : RHP Alfie Bungledorf
|
|
Batting: RHB Adam Hudson
|
0-0: SOLO HOME RUN (Flyball, 7D, EV 95.6 MPH), Distance : 386 ft
|
|
Batting: RHB Edgar Klockow
|
0-0: Called Strike 0-1: Called Strike 0-2: Fly out, F1 (Line Drive, P, EV 63.1 MPH)
|
|
Batting: RHB Nick Latulippe
|
0-0: Foul Ball, location: 2F 0-1: Ball 1-1: Ball 2-1: Foul Ball, location: 2F 2-2: SOLO HOME RUN (Flyball, 7LD, EV 92.5 MPH), Distance : 341 ft
|
|
Batting: LHB Jorge Zarazua
|
0-0: Ball 1-0: Ball 2-0: Ball 3-0: Called Strike 3-1: Called Strike 3-2: Base on Balls
|
|
Batting: RHB Tyler Walker
|
0-0: Foul Ball, location: 2F 0-1: Called Strike 0-2: Strikes out looking
|
|
Batting: LHB Travis Ruppel
|
0-0: Swinging Strike 0-1: Ball 1-1: Ball 2-1: Ball 3-1: Base on Balls Jorge Zarazua to second
|
|
Batting: RHB Richard Riggs
|
0-0: Called Strike 0-1: Ball 1-1: Fielders Choice at 2nd, 6-4 (Groundball, 6, EV 86.2 MPH)
|
| Top of the 3rd over - 2 runs, 2 hits, 0 errors, 2 left on base; Hamilton 2 - Windy City 0 |
| BOTTOM OF THE 3RD |
|
Windy City ThunderBolts batting - Pitching for Hamilton Cardinals : RHP Gareth Haigh
|
|
Batting: LHB Eddie Reyes
|
0-0: Ball 1-0: Called Strike 1-1: Foul Ball, location: 2F 1-2: Foul Ball, location: 2F 1-2: Ball 2-2: Foul Ball, location: 2F 2-2: Foul Ball, location: 2F 2-2: Ball 3-2: Strikes out swinging
|
|
Batting: RHB Vladmiri Nugaibekov
|
0-0: Foul Ball, location: 2F 0-1: Swinging Strike 0-2: Ball 1-2: Ground out 1-3 (Groundball, 13, EV 63.1 MPH)
|
|
Batting: LHB Adam Tarbutton
|
0-0: DOUBLE (Flyball, 89D, EV 104.4 MPH)
|
|
Batting: LHB Matt Hyde
|
0-0: Ball 1-0: Ball 2-0: Ground out 5-3 (Groundball, 5, EV 83.1 MPH)
|
| Bottom of the 3rd over - 0 runs, 1 hit, 0 errors, 1 left on base; Hamilton 2 - Windy City 0 |
| TOP OF THE 4TH |
|
Hamilton Cardinals batting - Pitching for Windy City ThunderBolts : RHP Alfie Bungledorf
|
|
Batting: LHB Ivan Cortez
|
0-0: Hit by Pitch
|
|
Batting: RHB Kyle Burns
|
0-0: Foul Ball, location: 2F 0-1: Ball 1-1: Foul Ball, location: 2F 1-2: Foul Ball, location: 2F 1-2: Strikes out swinging
|
|
Batting: RHB Adam Hudson
|
0-0: Called Strike 0-1: Called Strike 0-2: Ball 1-2: Foul Ball, location: 2F 1-2: Strikes out looking
|
|
Batting: RHB Edgar Klockow
|
0-0: Ball 1-0: Called Strike 1-1: Fly out, F7 (Line Drive, 7D, EV 106.9 MPH)
|
| Top of the 4th over - 0 runs, 0 hits, 0 errors, 1 left on base; Hamilton 2 - Windy City 0 |
| BOTTOM OF THE 4TH |
|
Windy City ThunderBolts batting - Pitching for Hamilton Cardinals : RHP Gareth Haigh
|
|
Batting: LHB Justin Stickney
|
0-0: Foul Ball, location: 2F 0-1: Foul Ball, location: 2F 0-2: Ball 1-2: Strikes out looking
|
|
Batting: LHB Herkko Haavikko
|
0-0: Ball 1-0: Ball 2-0: Ball 3-0: Base on Balls
|
|
Batting: RHB Mike Rosa
|
0-0: Foul Ball, location: 2F 0-1: Ball 1-1: Ball 2-1: Foul Ball, location: 2F 2-2: Foul Ball, location: 2F 2-2: Ball 3-2: Base on Balls Herkko Haavikko to second
|
|
Batting: RHB Adan Lake
|
0-0: Ball 1-0: Foul Ball, location: 2F 1-1: Foul Ball, location: 2F 1-2: Ball 2-2: SINGLE (Line Drive, 6D, EV 96.9 MPH) Herkko Haavikko to third Mike Rosa to second
|
|
Batting: RHB Josiah Wright
|
0-0: Called Strike 0-1: Ball 1-1: Ball 2-1: Swinging Strike 2-2: Ball 3-2: Foul Ball, location: 2F 3-2: Strikes out swinging
|
|
Batting: LHB Eddie Reyes
|
0-0: Ball 1-0: DOUBLE (Line Drive, 7LS, EV 90.6 MPH) Herkko Haavikko scores Mike Rosa scores Adan Lake to third Runner from 3rd tries for Home, SAFE, no throw by LF
|
|
Batting: RHB Vladmiri Nugaibekov
|
0-0: Ball 1-0: Swinging Strike 1-1: Reached on error, E5 (Groundball, 5, EV 107.5 MPH) Eddie Reyes to third
|
|
Batting: LHB Adam Tarbutton
|
0-0: Ball 1-0: Fly out, F9 (Flyball, 89D, EV 101.9 MPH)
|
| Bottom of the 4th over - 3 runs, 2 hits, 1 error, 2 left on base; Hamilton 2 - Windy City 3 |
| TOP OF THE 5TH |
|
Hamilton Cardinals batting - Pitching for Windy City ThunderBolts : RHP Alfie Bungledorf
|
|
Batting: RHB Nick Latulippe
|
0-0: Called Strike 0-1: Swinging Strike 0-2: Ball 1-2: Ball 2-2: Strikes out looking
|
|
Batting: LHB Jorge Zarazua
|
0-0: Ball 1-0: Ball 2-0: Called Strike 2-1: Ball 3-1: Swinging Strike 3-2: Base on Balls
|
|
Batting: RHB Tyler Walker
|
0-0: Grounds into double play, 4-6-3 (Groundball, 4, EV 102.5 MPH)
|
| Top of the 5th over - 0 runs, 0 hits, 0 errors, 0 left on base; Hamilton 2 - Windy City 3 |
| BOTTOM OF THE 5TH |
|
Windy City ThunderBolts batting - Pitching for Hamilton Cardinals : RHP Gareth Haigh
|
|
Batting: LHB Matt Hyde
|
0-0: Foul Ball, location: 2F 0-1: Ball 1-1: Called Strike 1-2: Strikes out swinging
|
|
Pitching: RHP Steve Holmes
|
|
|
Batting: LHB Justin Stickney
|
0-0: Called Strike 0-1: Ball 1-1: Called Strike 1-2: Ball 2-2: Ball 3-2: Fly out, F9 (Flyball, 9, EV 95.6 MPH)
|
|
Batting: LHB Herkko Haavikko
|
0-0: Ball 1-0: Ball 2-0: Called Strike 2-1: Foul Ball, location: 2F 2-2: Strikes out looking
|
| Bottom of the 5th over - 0 runs, 0 hits, 0 errors, 0 left on base; Hamilton 2 - Windy City 3 |
| TOP OF THE 6TH |
|
Hamilton Cardinals batting - Pitching for Windy City ThunderBolts : RHP Alfie Bungledorf
|
|
Batting: LHB Travis Ruppel
|
0-0: Foul Ball, location: 2F 0-1: Ball 1-1: Foul Ball, location: 2F 1-2: Ground out 4-3 (Groundball, 34D, EV 83.8 MPH)
|
|
Batting: RHB Richard Riggs
|
0-0: Fly out, F7 (Flyball, 7, EV 85.6 MPH)
|
|
Batting: LHB Ivan Cortez
|
0-0: Ball 1-0: Ball 2-0: Ball 3-0: Called Strike 3-1: Base on Balls
|
|
Pitching: LHP Ray Sowers
|
|
|
Batting: RHB Kyle Burns
|
0-0: Foul Ball, location: 2F 0-1: Ball 1-1: Ball 2-1: Fly out, F8 (Flyball, 8LS, EV 78.1 MPH)
|
| Top of the 6th over - 0 runs, 0 hits, 0 errors, 1 left on base; Hamilton 2 - Windy City 3 |
| BOTTOM OF THE 6TH |
|
Windy City ThunderBolts batting - Pitching for Hamilton Cardinals : RHP Steve Holmes
|
|
Batting: RHB Mike Rosa
|
0-0: Fly out, F9 (Flyball, 9D, EV 108.8 MPH)
|
|
Batting: RHB Adan Lake
|
0-0: Ball 1-0: Swinging Strike 1-1: Foul Ball, location: 2F 1-2: Strikes out swinging
|
|
Batting: RHB Josiah Wright
|
0-0: Called Strike 0-1: Ball 1-1: SOLO HOME RUN (Line Drive, 7D, EV 105.6 MPH), Distance : 382 ft
|
|
Batting: LHB Eddie Reyes
|
0-0: Ground out 6-3 (Groundball, 6, EV 83.8 MPH)
|
| Bottom of the 6th over - 1 run, 1 hit, 0 errors, 0 left on base; Hamilton 2 - Windy City 4 |
| TOP OF THE 7TH |
|
Hamilton Cardinals batting - Pitching for Windy City ThunderBolts : LHP Ray Sowers
|
|
Batting: RHB Adam Hudson
|
0-0: Called Strike 0-1: Ball 1-1: Ground out 4-3 (Groundball, 4S, EV 88.8 MPH)
|
|
Batting: RHB Edgar Klockow
|
0-0: Fly out, F9 (Flyball, 9, EV 90.6 MPH)
|
|
Batting: RHB Nick Latulippe
|
0-0: Called Strike 0-1: Ball 1-1: Swinging Strike 1-2: Strikes out swinging
|
| Top of the 7th over - 0 runs, 0 hits, 0 errors, 0 left on base; Hamilton 2 - Windy City 4 |
| BOTTOM OF THE 7TH |
|
Windy City ThunderBolts batting - Pitching for Hamilton Cardinals : RHP Steve Holmes
|
|
Batting: RHB Vladmiri Nugaibekov
|
0-0: Foul Ball, location: 2F 0-1: Ground out 6-3 (Groundball, 6, EV 82.5 MPH)
|
|
Batting: LHB Adam Tarbutton
|
0-0: Called Strike 0-1: Ball 1-1: Foul Ball, location: 2F 1-2: Strikes out swinging
|
|
Batting: LHB Matt Hyde
|
0-0: TRIPLE (Line Drive, 78XD, EV 104.4 MPH)
|
|
Batting: LHB Justin Stickney
|
0-0: Called Strike 0-1: DOUBLE (Flyball, 78XD, EV 106.2 MPH) Matt Hyde scores
|
|
Batting: LHB Herkko Haavikko
|
0-0: Called Strike 0-1: Foul Ball, location: 2F 0-2: Ball 1-2: Ball 2-2: Strikes out swinging
|
| Bottom of the 7th over - 1 run, 2 hits, 0 errors, 1 left on base; Hamilton 2 - Windy City 5 |
| TOP OF THE 8TH |
|
Hamilton Cardinals batting - Pitching for Windy City ThunderBolts : LHP Ray Sowers
|
|
Batting: LHB Jorge Zarazua
|
0-0: Called Strike 0-1: Ground out 1-3 (Groundball, 15S, EV 71.2 MPH)
|
|
Batting: RHB Tyler Walker
|
0-0: Fly out, F7 (Flyball, 7, EV 88.8 MPH)
|
|
Batting: LHB Travis Ruppel
|
0-0: Ground out 4-3 (Groundball, 4, EV 82.5 MPH)
|
| Top of the 8th over - 0 runs, 0 hits, 0 errors, 0 left on base; Hamilton 2 - Windy City 5 |
| BOTTOM OF THE 8TH |
|
Windy City ThunderBolts batting - Pitching for Hamilton Cardinals : RHP Steve Holmes
|
|
Pitching: RHP Chris Moore
|
|
|
Batting: RHB Mike Rosa
|
0-0: Called Strike 0-1: Ball 1-1: Ball 2-1: Foul Ball, location: 2F 2-2: Ball 3-2: SINGLE (Flyball, 7LS, EV 93.8 MPH)
|
|
Batting: RHB Adan Lake
|
0-0: Swinging Strike 0-1: Grounds into double play, 3-6-1 (Groundball, 34, EV 108.8 MPH)
|
|
Batting: RHB Josiah Wright
|
0-0: Ball 1-0: Ball 2-0: Ball 3-0: Called Strike 3-1: Base on Balls
|
|
Batting: LHB Eddie Reyes
|
0-0: Ball 1-0: Ball 2-0: Called Strike 2-1: TRIPLE (Flyball, 8RXD, EV 91.2 MPH) Josiah Wright scores
|
|
Batting: RHB Vladmiri Nugaibekov
|
0-0: Called Strike 0-1: Ball 1-1: Foul Ball, location: 7LSF, Error on foul ball, E7 1-2: Ball 2-2: Strikes out looking
|
| Bottom of the 8th over - 1 run, 2 hits, 1 error, 1 left on base; Hamilton 2 - Windy City 6 |
| TOP OF THE 9TH |
|
Hamilton Cardinals batting - Pitching for Windy City ThunderBolts : LHP Ray Sowers
|
|
Batting: RHB Richard Riggs
|
0-0: Called Strike 0-1: Ground out U3 (Groundball, 34, EV 108.8 MPH)
|
|
Batting: LHB Ivan Cortez
|
0-0: Ground out U3 (Groundball, 3, EV 81.9 MPH)
|
|
Batting: RHB Kyle Burns
|
0-0: Ball 1-0: Called Strike 1-1: Ball 2-1: Foul Ball, location: 2F 2-2: Fly out, F9 (Flyball, 89XD, EV 94.4 MPH)
|
| Top of the 9th over - 0 runs, 0 hits, 0 errors, 0 left on base; Hamilton 2 - Windy City 6 |
|